 Dungeon Crawl Stone Soup version 0.30-a0-1161-g0704695555 (webtiles) character file.

Game seed: 9628059423655410591

161 qeuew the Covered (level 5, 0/33 HPs)
             Began as a Gargoyle Fighter on Apr 27, 2023.
             Slain by a quokka (1 damage)
             ... summoned by Eustachio
             ... on level 4 of the Dungeon.
             The game lasted 00:03:37 (2231 turns).

qeuew the Covered (Gargoyle Fighter)                Turns: 2231, Time: 00:03:38

Health: 0/33       AC: 11    Str: 27    XL:     5   Next: 42%
Magic:  5/5        EV: 10    Int:  9    God:
Gold:   159        SH:  4    Dex:  9    Spells: 4/4 levels left

rFire   . . .        a - +0 flail
rCold   . . .        c - +0 buckler
rNeg    + . .        b - +0 scale mail
rPois   ∞            (no helmet)
rElec   +            (no cloak)
rCorr   .            (no gloves)
SInv    .            (no boots)
Will    .....        k - amulet of regeneration Stlth
                     i - +6 ring of strength
HPRegen 1.05/turn    l - ring of flight
MPRegen 0.09/turn

%: no passive effects
@: mighty, flying
A: sickness immunity, AC +4, negative energy resistance 1, electricity
resistance, torment resistance 1, petrification resistance
a: no special abilities


You were on level 4 of the Dungeon.
You visited 1 branch of the dungeon, and saw 4 of its levels.

You collected 159 gold pieces.

Inventory:

Hand Weapons
 a - a +0 flail (weapon)
Armour
 b - a +0 scale mail (worn)
 c - a +0 buckler (worn)
Jewellery
 i - a +6 ring of strength (left hand)
 k - an amulet of regeneration (around neck)
 l - a ring of flight (right hand)
Wands
 e - a wand of paralysis (7)
Scrolls
 f - a scroll of amnesia
 h - a scroll of teleportation
 j - a scroll of identify
Potions
 g - a potion of curing
 m - a potion of resistance
 n - a potion of brilliance


   Skills:
 + Level 3.9 Fighting
 * Level 3.3 Maces & Flails
 * Level 4.5 Armour
 + Level 1.1 Dodging
 + Level 3.8 Shields


You had 4 spell levels left.
You didn't know any spells.
Your spell library contained the following spells:

 Spells                   Type           Power      Damage    Failure   Level
 Leda's Liquefaction      Hex/Erth       0%         N/A       100%        4
 Lee's Rapid Deconstruct  Erth           0%         3d4*      100%        5
 Statue Form              Tmut/Erth      Unusable   N/A       N/A         6

Dungeon Overview and Level Annotations

Branches:
Dungeon (4/15)
 Temple: D:4-7

Altars:
Yredelemnul

Shops:
D:1 [

Annotations:
D:4 Eustachio


Innate Abilities, Weirdness & Mutations

You are immune to sickness and miasma.
Your stone body is resilient. (AC +4)
You are immune to poison.
You resist negative energy. (rN+)
You are resistant to electric shocks. (rElec)
You are resistant to unholy torment.
You are immune to petrification.


Message History

The shadow imp closely misses you. You block the quokka's attack.
You barely miss Eustachio.
Eustachio is heavily wounded.
The crimson imp barely misses you. The river rat bites you.
Eustachio barely misses you. The quokka closely misses you.
The shadow imp hits you.
Unknown command.
You hit Eustachio.
Eustachio is severely wounded.
The river rat closely misses you. The quokka bites you.
Eustachio hits you with a +0 falchion.
* * * LOW HITPOINT WARNING * * *
You block the shadow imp's attack.
The crimson imp hits you but does no damage.
You block the quokka's attack. The river rat bites you.
* * * LOW HITPOINT WARNING * * *
You feel better. Eustachio closely misses you. The crimson imp misses you.
The shadow imp closely misses you.
The quokka bites you but does no damage.
The crimson imp closely misses you. The river rat bites you!
* * * LOW HITPOINT WARNING * * *
You feel very mighty all of a sudden.
Eustachio gestures wildly while chanting.
The crimson imp hits you but does no damage.
The shadow imp hits you but does no damage.
The quokka bites you but does no damage.
The crimson imp hits you but does no damage.
The river rat closely misses you.
You barely miss Eustachio.
Eustachio is severely wounded.
You block the bat's attack.
Eustachio asks, "How can you live without manners, virtues and honour?"
Eustachio hits you with a +0 falchion.
* * * LOW HITPOINT WARNING * * *
The quokka bites you but does no damage.
The crimson imp blinks!
The shadow imp barely misses you.
The crimson imp hits you but does no damage.
The river rat bites you but does no damage.
The quokka bites you.
You die...

. ##..
#....
#....#
###...#
###<.>.#
##....###
#.5§..#
#r@r..#
#.5@..##
##..b.#
#5...#
#....#
#...##
#...#
....#


You could see Eustachio, 2 crimson imps, a river rat (summoned), a shadow imp
(summoned), a quokka (summoned) and a bat (summoned).

Vanquished Creatures
  An orc priest (D:3)
  4 adders
  2 worms
  4 dart slugs
  2 orcs (D:3)
  5 ball pythons
  7 bats
  10 endoplasms
  A giant cockroach (D:1)
  6 goblins
  6 hobgoblins
  4 jackals (D:1)
  7 kobolds
  6 quokkas
  4 frilled lizards
  4 rats (D:1)
73 creatures vanquished.

Notes
Turn   | Place    | Note
-------+----------+-------------------------------------------
     0 | D:1      | qeuew the Gargoyle Fighter began the quest for the Orb.
     0 | D:1      | Reached XP level 1. HP: 14/14 MP: 1/1
   165 | D:1      | Reached XP level 2. HP: 19/19 MP: 2/2
   475 | D:1      | Reached XP level 3. HP: 23/23 MP: 3/3
   514 | D:1      | Found Zerph's Armour Shoppe.
   772 | D:2      | Found a faded altar of an unknown god.
   831 | D:2      | Reached skill level 4 in Armour
  1026 | D:2      | Reached XP level 4. HP: 16/29 MP: 4/4
  1782 | D:3      | Reached skill level 1 in Dodging
  1783 | D:3      | Reached XP level 5. HP: 13/33 MP: 5/5
  2064 | D:3      | Found a basalt altar of Yredelemnul.
  2212 | D:4      | Noticed Eustachio
  2231 | D:4      | HP: 1/33 [Eustachio/+0 falchion (6)]
  2231 | D:4      | Slain by a quokka

Illustrated notes

Levels and vault maps discovered:
D:1:      heliophobic_arrival_dark_side_of_the_moon, layout_loops_ring,
          serial_shops, shop
D:2:      minmay_razor_zed, layout_basic, nicolae_ecumenical_pavilion
D:3:      layout_rooms, mainiacjoe_overflow_small_starburst
D:4:      layout_cave_pods, vehumet_statue, serial_park_tiny_pond,
          serial_bayou_pond_e, uniq_robin, uniq_sigmund, uniq_ijyb,
          uniq_duvessa, uniq_eustachio

Skill      XL: |  1  2  3  4 |
---------------+-------------+-----
Armour         | 4 |  4.5
Maces & Flails | 3 |  3.3
Dodging        | 1 |  1.1
Fighting       | |  3.9
Shields        | |  3.8

Action                     |  1- 3 |  4- 6 || total
---------------------------+-------+-------++-------
  Melee: Flail             |   107 |   144 ||   251
    Use: Scroll            |     3 |     6 ||     9
         Potion            |       |     2 ||     2
 Armour: Scale mail        |    51 |    87 ||   138
  Dodge: Dodged            |    65 |   115 ||   180
  Block: Buckler           |    23 |    45 ||    68

Table legend: (Time is in decaauts)
 A = Elapsed time spent in this place.
 B = Non-inter-level travel time spent in this place.
 C = Inter-level travel time spent in this place.
 D = Time resting spent in this place.
 E = Time spent auto-exploring this place.
 F = Levels seen in this place.
 G = Mean time per level.
                   A        B        C        D        E       F      G
               +--------+--------+--------+--------+--------+-----+--------+
         Total |   2302 |   2201 |    101 |      0 |   1659 |   4 |  575.5 |
       Dungeon |   2302 |   2201 |    101 |      0 |   1659 |   4 |  575.5 |
               +--------+--------+--------+--------+--------+-----+--------+

Top non-repeatable levels by time:
     D:2: 997 daAuts
     D:1: 795 daAuts
     D:3: 485 daAuts
     D:4: 23 daAuts
